 Dungeon Crawl Stone Soup version 0.26-a0-611-g354ed81502 (webtiles) character file.

Game seed: 13890696831943691513

211356 Peloso the Fencer (level 18, 0/172 HPs)
             Began as a Minotaur Fighter on Sept 7, 2020.
             Was the Champion of Okawaru.
             Slain by Peloso's illusion (illusionary) (1 damage)
             ... woven by Mara
             ... on level 3 of the Snake Pit.
             The game lasted 01:59:19 (38219 turns).

Peloso the Fencer (Minotaur Fighter)               Turns: 38219, Time: 01:59:20

Health: 0/172      AC: 27    Str: 37    XL:     18   Next: 58%
Magic:  19/19      EV: 16    Int:  3    God:    Okawaru [******]
Gold:   1979       SH: 20    Dex: 17    Spells: 17/17 levels left

rFire    . . .     SeeInvis +   a - +7 demon blade of the Shouting Stork {freeze, rC+}
rCold    + + +     Faith    .   c - +2 kite shield {AC+3}
rNeg     . . .     Spirit   .   P - +0 chain mail "Ziha" {*Slow +Inv rC+++ Int-2}
rPois    +         Reflect  .   v - +2 hat {SInv}
rElec    +         Harm     .   e - +1 cloak of Ycaziy {-Cast rElec Str+5}
rCorr    .         NoCast   +   O - +2 pair of gloves {Dex+3}
MR       ++...                  f - +0 pair of boots
Stlth    ..........             D - amulet of regeneration
HPRegen  0.78/turn              V - ring "Gaisuag" {rElec rPois Str+7 SInv Stlth-}
MPRegen  0.16/turn              y - ring of protection from magic

@: lethally poisoned (0 -> -8), about to teleport, slowed, very slow
A: retaliatory headbutt, horns 2, mutation resistance 1
a: Heroism, Finesse, Renounce Religion, Evoke Invisibility


You were on level 3 of the Snake Pit.
You worshipped Okawaru.
Okawaru was exalted by your worship.
You visited 7 branches of the dungeon, and saw 31 of its levels.
You visited the Abyss 1 time.
You also visited: Ice Cave and Volcano.

You collected 4311 gold pieces.
You spent 2332 gold pieces at shops.

Inventory:

Hand Weapons
 a - the +7 demon blade of the Shouting Stork (weapon) {freeze, rC+}
   (Okawaru gifted it to you on level 10 of the Dungeon)

   It has been specially enchanted to freeze those struck by it, causing extra
   injury to most foes and up to half again as much damage against particularly
   susceptible opponents.
   It can also slow down cold-blooded creatures.
   It protects you from cold.
 b - a +2 demon blade of flaming
Armour
 c - a +2 kite shield of protection (worn)
 e - the +1 cloak of Ycaziy (worn) {-Cast rElec Str+5}
   (Okawaru gifted it to you on level 1 of the Shoals)

   It affects your strength (+5).
   It insulates you from electricity.
   It prevents spellcasting.
 f - a +0 pair of boots (worn)
 v - a +2 hat of see invisible (worn)
 O - a +2 pair of gloves of dexterity (worn)
 P - the +0 chain mail "Ziha" (worn) {*Slow +Inv rC+++ Int-2}
   (Okawaru gifted it to you on level 12 of the Dungeon)

   It affects your intelligence (-2).
   It renders you almost immune to cold.
   It lets you turn invisible.
   It may slow you when you take damage.
 W - the +0 cloak of the Forest {MR+ Int+2}
   (Okawaru gifted it to you on level 2 of the Lair of Beasts)

   It affects your intelligence (+2).
   It affects your resistance to hostile enchantments.
Jewellery
 q - an uncursed amulet of magic regeneration
 t - an uncursed amulet of guardian spirit
 y - a ring of protection from magic (right hand)
 z - an uncursed ring of resist corrosion
 D - an amulet of regeneration (around neck)
 I - an uncursed ring of flight
 V - the ring "Gaisuag" (left hand) {rElec rPois Str+7 SInv Stlth-}
   (You took it off a deep elf elementalist on level 3 of the Elven Halls)

   [ring of poison resistance]

   It affects your strength (+7).
   It insulates you from electricity.
   It protects you from poison.
   It lets you see invisible.
   It makes you less stealthy.
Wands
 j - a wand of acid (14)
 l - a wand of paralysis (8)
 m - a wand of digging (7)
 u - a wand of random effects (13)
Scrolls
 g - a scroll of amnesia
 h - 7 scrolls of teleportation
 i - 4 scrolls of identify
 o - 11 scrolls of remove curse
 p - 2 scrolls of fog
 r - 2 scrolls of blinking
 w - a scroll of silence
 A - 4 scrolls of immolation
 B - 2 scrolls of noise
 N - 2 scrolls of magic mapping
 Q - 2 scrolls of fear
Potions
 d - 8 potions of might
 k - 3 potions of haste
 n - 2 potions of resistance
 s - 14 potions of curing
 G - 7 potions of heal wounds
 H - 3 potions of berserk rage
 M - a potion of flight
 R - 3 potions of stabbing


   Skills:
 + Level 18.1 Fighting
 + Level 20.2 Long Blades
 + Level 16.5 Armour
 + Level 9.0 Dodging
 + Level 3.1 Stealth
 + Level 20.2 Shields
 + Level 3.2 Invocations
 + Level 1.9 Evocations


You had 17 spell levels left.
You didn't know any spells.
Your spell library contained the following spells:

 Spells                   Type           Power        Failure   Level
 Beastly Appendage        Tmut           #.....       83%         1
 Corona                   Hex            #......      83%         1
 Foxfire                  Conj/Fire      #...         83%         1
 Freeze                   Ice            #...         83%         1
 Magic Dart               Conj           #...         83%         1
 Blink                    Tloc           N/A          92%         2
 Call Imp                 Summ           #.......     92%         2
 Searing Ray              Conj           #.....       92%         2
 Slow                     Hex            #.......     92%         2
 Sublimation of Blood     Necr           #.........   92%         2
 Wereblood                Tmut           #.......     92%         2
 Conjure Flame            Conj/Fire      #.......     99%         3
 Dazzling Flash           Conj/Hex       #.....       99%         3
 Frozen Ramparts          Ice            #.....       99%         3
 Gell's Gravitas          Tloc           #.........   99%         3
 Inner Flame              Hex/Fire       #.......     99%         3
 Lesser Beckoning         Tloc           #.........   99%         3
 Mephitic Cloud           Conj/Pois/Air  #.......     99%         3
 Ozocubu's Armour         Ice            #.......     99%         3
 Portal Projectile        Hex/Tloc       #.....       99%         3
 Spider Form              Tmut/Pois      #.........   99%         3
 Static Discharge         Conj/Air       #.......     99%         3
 Teleport Other           Tloc           #.......     99%         3
 Animate Dead             Necr           #.........   100%        4
 Cause Fear               Hex            #.........   100%        4
 Fulminant Prism          Conj/Hex       #.........   100%        4
 Hailstorm                Conj/Ice       #.......     100%        4
 Ice Form                 Ice/Tmut       #.......     100%        4
 Iskenderun's Mystic Bla  Conj/Tloc      #.......     100%        4
 Leda's Liquefaction      Hex/Erth       #.........   100%        4
 Passage of Golubria      Tloc           N/A          100%        4
 Sticky Flame             Conj/Fire      #.......     100%        4
 Summon Ice Beast         Ice/Summ       #.......     100%        4
 Agony                    Necr           #.......     100%        5
 Blade Hands              Tmut           #.........   100%        5
 Borgnjor's Vile Clutch   Necr/Erth      #.........   100%        5
 Fireball                 Conj/Fire      #.........   100%        5
 Lightning Bolt           Conj/Air       #.........   100%        5
 Death Channel            Necr           #.........   100%        6
 Dispersal                Tloc           #.........   100%        6
 Simulacrum               Ice/Necr       #.........   100%        6
 Haunt                    Necr/Summ      #.........   100%        7
 Borgnjor's Revivificati  Necr           #.........   100%        8
 Disjunction              Tloc           #.........   100%        8
 Ignition                 Fire           #.........   100%        8
 Infestation              Necr           #.........   100%        8
 Necromutation            Tmut/Necr      #.........   100%        8
 Death's Door             Necr           #.........   100%        9
 Shatter                  Erth           #.........   100%        9
 Tornado                  Air            #.........   100%        9


Dungeon Overview and Level Annotations

Branches:
Dungeon (15/15)            Temple (1/1) D:6            Lair (6/6) D:11
 Shoals (1/4) Lair:4        Snake (2/4) Lair:4        Slime (0/5) Lair:6
    Orc (2/2) D:12            Elf (3/3) Orc:2        Vaults (0/5) D:14
 Depths (0/5) D:15          IceCv (visited)         Volcano (visited)

Altars:
Ashenzari
Cheibriados
Dithmenos
Elyvilon
Fedhas
Gozag
Hepliaklqana
Kikubaaqudgha
Makhleb
Nemelex Xobeh
Okawaru
Qazlal
Ru
Sif Muna
Trog
Uskayaw
Vehumet
Wu Jian
Xom
Yredelemnul
Zin
The Shining One
Beogh
Jiyva

Shops:
D:6 ?   D:8 !(*   D:10 *   D:15 ?[   Orc:2 (!!:   Elf:2 [?   Elf:3 !

Annotations:
Snake:3 Mara


Innate Abilities, Weirdness & Mutations

You reflexively headbutt those who attack you in melee.
You have a pair of horns on your head.
You are somewhat resistant to further mutation.


Message History

Mara blinks!
Mara gestures at you. Pain shoots through your body!
Peloso's illusion hits you but does no damage.
Mara says, "I mislead the hearts of men!"
Mara barely misses you.
As you read the scroll of teleportation, it crumbles to dust.
You feel strangely unstable.
You feel sick. The nagaraja casts a spell at you. The poison arrow hits you!!
You are more poisoned.
You partially resist.
* * * LOW HITPOINT WARNING * * *
The nagaraja spits poison at you. You block the splash of poison.
Mara blinks!
A naga comes into view. It is wielding a +0 glaive.
Peloso's illusion hits you!!
* * * LOW HITPOINT WARNING * * *
Peloso's illusion freezes you.
You die...

####...# ######......#
#......# #####......#
#......# ##.......##.#
#.....## #....§†.....##
#......###............#
#....##.#.§........##.#
#...###..R.........# #
#...# ##.....R....##
#######..@........#
#######..N@.......##
#...#.......R...###
#...........^.##.#
##.........##### #N
#..........#
##..........##
#............#
#............#[


You could see 3 Maras, a nagaraja (fast, catching breath), a naga and Peloso's
illusion.

Vanquished Creatures
  Bai Suzhen (Snake:3)
  Nikola (Elf:2)
  3 deep elf blademasters
  2 deep elf master archers (Elf:3)
  A tentacled starspawn (Abyss:4)
  Agnes (D:15)
  A nagaraja (Snake:3)
  Louise (D:14)
  8 deep elf sorcerers
  An orc warlord (Orc:1)
  4 deep elf elementalists (Elf:3)
  A very ugly thing (D:8)
  A deep elf demonologist (Elf:2)
  A dire elephant (Lair:6)
  7 deep elf annihilators
  5 deep elf death magi
  2 merfolk impalers (Shoals:1)
  A great orb of eyes (D:15)
  The ghost of Veamisat the Fighter, a journeyman MiBe of Trog (D:13)
  Erolcha (Orc:2)
  3 deep elf high priests (Elf:3)
  Fannar (Lair:1)
  The ghost of Xosut the Fighter, a journeyman GnAK of Lugonu (Lair:1)
  2 ice dragons (IceCv)
  7 hydras
  4 vault guards (D:14)
  4 naga warriors
  Harold (D:10)
  4 centaur warriors (D:15)
  A merfolk avatar (Shoals:1)
  A catoblepas (Lair:6)
  8 anacondas
  A merfolk aquamancer (Shoals:1)
  24 dancing weapons
  7 two-headed ogres
  A deep troll shaman (Lair:6)
  2 ogre magi (Orc:2)
  3 small abominations
  9 death yaks (Lair:6)
  A tengu warrior (D:11)
  An orc high priest (Elf:2)
  A satyr (Shoals:1)
  3 naga sharpshooters
  3 shock serpents
  Urug (D:12)
  A wretched star (Abyss:4)
  Nergalle (Lair:2)
  A thrashing horror (Abyss:4)
  The ghost of paps the Covert, a novice OpMo of Kikubaaqudgha (D:8)
  13 deep elf knights
  A salamander mystic (Snake:1)
  4 skeletal warriors (D:11)
  2 glowing orange brains (Abyss:4)
  A sea snake (Shoals:1)
  4 naga ritualists
  2 wolf spider zombies
  7 deep elf archers
  6 mana vipers
  2 necromancers (Elf:1)
  An orb spider (shapeshifter) (Abyss:4)
  5 cyclopes
  29 deep elf magi
  4 harpies (Shoals:1)
  5 fauns (Shoals:1)
  11 ugly things
  5 oklob plants
  4 salamanders
  A moth of wrath (shapeshifter) (D:15)
  9 elephants (Lair:6)
  12 orc sorcerers
  A merfolk siren (Shoals:1)
  7 centaur zombies
  A water nymph (shapeshifter) (D:15)
  A guardian serpent (shapeshifter) (D:8)
  2 manticores
  Maurice (Orc:2)
  An eye of devastation (shapeshifter) (D:8)
  26 black mambas
  The ghost of Ananasrisotto the Cleaver, a novice GnWn of Kikubaaqudgha (D:5)
  An apocalypse crab (Abyss:4)
  Joseph (Lair:1)
  8 naga magi
  A water nymph (Shoals:1)
  7 large abominations
  Maggie (D:8)
  A smoke demon (Abyss:4)
  2 ice statues (IceCv)
  12 cane toads
  2 gargoyles (Volcano)
  6 rime drakes
  5 centaur skeletons
  A kobold demonologist (D:11)
  A komodo dragon (shapeshifter) (D:14)
  2 yaktaurs
  2 hellwings (D:7)
  A freezing wraith (D:10)
  3 komodo dragons
  2 efreet
  7 trolls
  3 polar bears
  13 merfolk (Shoals:1)
  A wind drake (Shoals:1)
  Grinder (D:6)
  A hippogriff (shapeshifter) (Abyss:4)
  11 hippogriffs
  2 slime creatures (D:14)
  3 snapping turtles
  3 raiju (Abyss:4)
  23 blink frogs
  3 spriggans (Lair:1)
  4 air elementals
  8 starcursed masses (Abyss:4)
  A ynoxinul (Abyss:4)
  7 water elementals
  3 wyverns
  2 wraiths
  3 shadows
  3 vampires
  30 yaks
  2 basilisks
  4 fire elementals
  3 neqoxecs
  2 wargs
  17 nagas
  3 swamp worms (Lair:4)
  5 hell hounds (Abyss:4)
  3 acid dragons
  6 porcupines
  9 water moccasins
  21 orc warriors
  20 ice beasts
  4 black bears
  A black bear (shapeshifter) (D:8)
  A necrophage (D:12)
  6 sky beasts
  A tengu (shapeshifter) (D:8)
  4 ogres
  6 wolves
  8 crocodiles
  17 centaurs
  3 big kobolds
  21 bullfrogs
  3 elf zombies (Elf:1)
  An earth elemental (Elf:3)
  A wyvern zombie (D:11)
  A water moccasin zombie (D:11)
  5 scorpions
  14 killer bees
  16 wights
  3 electric eels
  3 howler monkeys (D:6)
  4 crimson imps
  3 bullfrog zombies
  6 hounds
  2 jellies
  40 orc wizards
  17 orc priests
  Crazy Yiuf (D:2)
  2 bullfrog skeletons (D:13)
  Jessica (D:2)
  5 iguanas
  7 worker ants
  2 hound zombies
  A hound skeleton (D:6)
  2 worker ant zombies
  Robin (D:2)
  12 adders
  4 shadow imps (D:7)
  15 white imps
  3 oozes (Lair:6)
  An adder skeleton (D:8)
  2 adder zombies
  4 worms
  3 leopard geckos
  77 orcs
  4 giant cockroaches
  17 goblins
  12 hobgoblins
  2 jackals (D:4)
  A quokka (D:3)
  3 ball pythons
  11 bats
  8 frilled lizards
  15 kobolds
  2 quokka zombies
  7 rats
  4 plants
1017 creatures vanquished.

Vanquished Creatures (others)
  A deep elf knight (Elf:2)
  A killer bee (D:10)
  2 orc wizards
  An orc (Orc:1)
  2 bushes
  A demonic plant (Abyss:4)
  20 fungi
  128 plants
  4 starspawn tentacles (Abyss:4)
  16 toadstools (D:14)
  5 withered plants (D:7)
181 creatures vanquished.

Grand Total: 1198 creatures vanquished

Notes
Turn   | Place    | Note
-------+----------+-------------------------------------------
     0 | D:1      | Peloso the Minotaur Fighter began the quest for the Orb.
     0 | D:1      | Reached XP level 1. HP: 19/19 MP: 0/0
    31 | D:1      | Reached XP level 2. HP: 27/27 MP: 1/1
   326 | D:1      | Reached XP level 3. HP: 33/33 MP: 2/2
   660 | D:2      | Found a shattered altar of Ashenzari.
   660 | D:2      | Noticed Jessica
   664 | D:2      | Killed Jessica
   664 | D:2      | Reached XP level 4. HP: 40/40 MP: 3/3
  1016 | D:2      | Noticed Robin
  1309 | D:2      | Killed Robin
  1384 | D:2      | Found a runed translucent door.
  1385 | D:2      | Noticed Crazy Yiuf
  1443 | D:3      | Reached XP level 5. HP: 47/47 MP: 4/4
  1487 | D:3      | Reached skill level 1 in Dodging
  1570 | D:3      | Reached skill level 5 in Armour
  1624 | D:3      | Reached skill level 5 in Shields
  1781 | D:3      | Noticed a centaur
  1790 | D:3      | Killed a centaur
  1790 | D:3      | Reached XP level 6. HP: 42/53 MP: 5/5
  2442 | D:4      | Reached skill level 5 in Long Blades
  3226 | D:4      | Reached skill level 5 in Fighting
  3226 | D:4      | Reached XP level 7. HP: 54/61 MP: 6/6
  3439 | D:2      | Killed Crazy Yiuf
  3500 | D:5      | Entered Level 5 of the Dungeon
  3527 | D:5      | Found a large runed translucent door.
  3527 | D:5      | Found a large runed translucent door.
  3532 | D:5      | Noticed Ananasrisotto's ghost (novice GnWn)
  4215 | D:6      | Reached XP level 8. HP: 69/69 MP: 7/7
  4219 | D:6      | Found a hazy altar of Hepliaklqana.
  4221 | D:6      | Found a snail-covered altar of Cheibriados.
  4331 | D:6      | Found Wibbupri's Magic Scroll Boutique.
  4334 | D:6      | Bought a scroll of identify for 24 gold pieces
  4334 | D:6      | Bought a scroll of immolation for 42 gold pieces
  4334 | D:6      | Bought a scroll of amnesia for 42 gold pieces
  4334 | D:6      | Bought a scroll of remove curse for 36 gold pieces
  4456 | D:6      | Found a staircase to the Ecumenical Temple.
  4467 | Temple   | Entered the Ecumenical Temple
  4522 | Temple   | Became a worshipper of Warmaster Okawaru
  4957 | D:6      | Found a bloodstained altar of Trog.
  4957 | D:6      | Found an ornate altar of the Wu Jian Council.
  4964 | D:6      | Found a shimmering altar of Xom.
  4966 | D:6      | Found a faded altar of an unknown god.
  4967 | D:6      | Found a sacrificial altar of Ru.
  5021 | D:6      | Found a shadowy altar of Dithmenos.
  5025 | D:6      | Noticed Grinder
  5038 | D:6      | Killed Grinder
  5194 | D:7      | Noticed a hellwing
  5195 | D:7      | Noticed a hellwing
  5212 | D:7      | Reached * piety under Okawaru
  5228 | D:7      | Reached ** piety under Okawaru
  5228 | D:7      | Reached XP level 9. HP: 48/75 MP: 8/8
  5242 | D:7      | Killed a hellwing
  5245 | D:7      | Reached skill level 10 in Long Blades
  5367 | D:7      | Reached *** piety under Okawaru
  5533 | D:7      | Killed a hellwing
  5601 | D:7      | Reached XP level 10. HP: 36/86 MP: 9/9
  5883 | D:7      | Found a basalt altar of Yredelemnul.
  6318 | D:8      | Reached **** piety under Okawaru
  6348 | D:8      | Found a runed translucent gate.
  6348 | D:8      | Found a runed translucent gate.
  6348 | D:8      | Found a runed translucent gate.
  6348 | D:8      | Noticed a white ugly thing
  6348 | D:8      | Noticed a green ugly thing
  6349 | D:8      | Noticed a cyan ugly thing
  6349 | D:8      | Noticed a white very ugly thing
  6487 | D:8      | Found Sohaklia's Distillery.
  6493 | D:8      | Reached skill level 5 in Dodging
  6519 | D:8      | Reached skill level 1 in Stealth
  6729 | D:8      | Found Zaufutes's General Store.
  6778 | D:8      | Found Odghesec's Weapon Emporium.
  7063 | D:8      | Noticed Maggie
  7083 | D:8      | Killed Maggie
  7540 | D:9      | Found a shimmering blue altar of Sif Muna.
  7661 | D:9      | Noticed a two-headed ogre
  7667 | D:9      | Killed a two-headed ogre
  7791 | D:9      | You fall into a shaft and drop 1 floor!
  7791 | D:10     | Entered Level 10 of the Dungeon
  7846 | D:10     | Reached skill level 10 in Armour
  7846 | D:10     | Reached skill level 1 in Invocations
  8204 | D:10     | Noticed a seven-headed hydra
  8353 | D:9      | Found a roughly hewn altar of Beogh.
  9093 | D:10     | Reached XP level 11. HP: 69/94 MP: 8/10
  9096 | D:10     | Found Oppibigh's General Store.
  9318 | D:10     | Noticed a two-headed ogre
  9336 | D:10     | Killed a two-headed ogre
  9336 | D:10     | Reached ***** piety under Okawaru
  9336 | D:10     | Reached skill level 10 in Shields
  9855 | D:10     | Noticed Harold
  9863 | D:10     | Paralysed by Harold for 7 turns
  9879 | D:10     | Killed Harold
  9879 | D:10     | Received a gift from Okawaru
  9885 | D:10     | Got a glimmering demon blade {god gift}
  9886 | D:10     | Identified the +7 demon blade of the Shouting Stork
                  | {freeze, rC+} (Okawaru gifted it to you on level 10 of the
                  | Dungeon)
 10016 | D:10     | Noticed a deep elf mage
 10022 | D:10     | Killed a deep elf mage
 10454 | D:11     | Noticed a skeletal warrior
 10454 | D:11     | Noticed a skeletal warrior
 10471 | D:11     | Killed a skeletal warrior
 10480 | D:11     | Killed a skeletal warrior
 10484 | D:11     | Noticed a skeletal warrior
 10484 | D:11     | Noticed a skeletal warrior
 10767 | D:11     | Killed a skeletal warrior
 10767 | D:11     | Received a gift from Okawaru
 10771 | D:11     | Killed a skeletal warrior
 10885 | D:11     | Reached XP level 12. HP: 77/104 MP: 12/12
 11080 | D:11     | Noticed a tengu warrior
 11089 | D:11     | Killed a tengu warrior
 11483 | D:11     | Found a staircase to the Lair.
 11541 | D:12     | Found a glowing golden altar of the Shining One.
 11619 | D:12     | Noticed a two-headed ogre
 11625 | D:12     | Killed a two-headed ogre
 11656 | D:12     | Noticed Urug
 11670 | D:12     | Killed Urug
 11670 | D:12     | Reached skill level 10 in Fighting
 11855 | D:12     | Received a gift from Okawaru
 11869 | D:12     | Got a dazzling chain mail {god gift}
 11880 | D:12     | Identified the +0 chain mail "Ziha" {*Slow +Inv rC+++
                  | Int-2} (Okawaru gifted it to you on level 12 of the
                  | Dungeon)
 11964 | D:12     | Identified the +1 robe of Exyahef {rPois rF- Str+2 Int+7}
 11980 | D:12     | Noticed a two-headed ogre
 11988 | D:12     | Killed a two-headed ogre
 11988 | D:12     | Reached skill level 15 in Long Blades
 12463 | D:12     | Found a staircase to the Orcish Mines.
 12543 | Lair:1   | Entered Level 1 of the Lair of Beasts
 12543 | Lair:1   | Noticed Fannar
 12565 | Lair:1   | Killed Fannar
 12796 | Lair:1   | Noticed Joseph
 12800 | Lair:1   | Killed Joseph
 13067 | Lair:1   | Reached XP level 13. HP: 100/116 MP: 13/13
 13277 | Lair:1   | Found a runed translucent door.
 13278 | Lair:1   | Noticed Xosut's ghost (journeyman GnAK)
 13279 | Lair:1   | Identified the +9 trident of the Reaper {freeze, Dex+3}
 13370 | Lair:1   | Killed Xosut's ghost
 13488 | Lair:2   | Received a gift from Okawaru
 13491 | Lair:2   | Got a faintly humming cloak {god gift}
 13512 | Lair:2   | Identified the +0 cloak of the Forest {MR+ Int+2} (Okawaru
                  | gifted it to you on level 2 of the Lair of Beasts)
 13540 | Lair:2   | Found a dark tunnel.
 13560 | Volcano  | Entered a volcano
 13918 | Lair:2   | Noticed Nergalle
 13928 | Lair:2   | Killed Nergalle
 15746 | D:13     | Found a large runed translucent door.
 15746 | D:13     | Found a large runed translucent door.
 15750 | D:13     | Noticed Veamisat's ghost (journeyman MiBe)
 15775 | D:13     | Reached ****** piety under Okawaru
 16057 | D:13     | Reached skill level 1 in Evocations
 17113 | D:14     | Noticed Louise
 17131 | D:14     | Killed Louise
 17171 | D:14     | Found a gate to the Vaults.
 17193 | D:14     | Received a gift from Okawaru
 17509 | D:14     | Reached XP level 14. HP: 127/127 MP: 14/14
 17807 | D:14     | Found a blossoming altar of Fedhas.
 18171 | D:14     | Found a glowing golden altar of the Shining One.
 18633 | D:15     | Entered Level 15 of the Dungeon
 18635 | D:15     | Found a frozen archway.
 18663 | IceCv    | Entered an ice cave
 18818 | IceCv    | Received a gift from Okawaru
 19243 | D:15     | Found Urpheo Tiergh's Antique Armour Emporium.
 19321 | D:15     | Got a twisted morningstar
 19514 | D:15     | Found a staircase to the Depths.
 19769 | D:15     | Found Loghem's Magic Scroll Shoppe.
 19772 | D:15     | Bought a scroll of acquirement for 832 gold pieces
 19772 | D:15     | Bought a scroll of holy word for 120 gold pieces
 19802 | D:15     | Noticed Agnes
 19816 | D:15     | Killed Agnes
 20067 | D:15     | Reached skill level 15 in Shields
 20267 | Orc:1    | Entered Level 1 of the Orcish Mines
 20273 | Orc:1    | Found a roughly hewn altar of Beogh.
 20466 | Orc:1    | Noticed an orc warlord
 20484 | Orc:1    | Killed an orc warlord
 20781 | Orc:2    | Entered Level 2 of the Orcish Mines
 20781 | Orc:2    | Found a staircase to the Elven Halls.
 20830 | Orc:2    | Found an iron altar of Okawaru.
 20985 | Orc:2    | Received a gift from Okawaru
 21012 | Orc:2    | Got a dazzling long sword {god gift}
 21013 | Orc:2    | Identified the +4 long sword "Bueluth" {holy, rF+ Str+3}
                  | (Okawaru gifted it to you on level 2 of the Orcish Mines)
 21112 | Orc:2    | Noticed Maurice
 21120 | Orc:2    | Killed Maurice
 21357 | Orc:2    | Found Ekuxt's Antique Weapon Shoppe.
 21377 | Orc:2    | Found an ancient bone altar of Kikubaaqudgha.
 21388 | Orc:2    | Found Tuilil's Distillery.
 21410 | Orc:2    | Noticed Erolcha
 21411 | Orc:2    | Found a radiant altar of Vehumet.
 21422 | Orc:2    | Killed Erolcha
 21574 | Orc:2    | Bought a potion of invisibility for 88 gold pieces
 21574 | Orc:2    | Bought a potion of mutation for 88 gold pieces
 21610 | Orc:2    | Found a roughly hewn altar of Beogh.
 21630 | Orc:2    | Reached XP level 15. HP: 45/136 MP: 15/15
 21923 | Orc:2    | Found Caijatz's Book Shoppe.
 21928 | Orc:2    | Found Ysosuir's Distillery.
 21940 | Orc:2    | Bought a potion of might for 52 gold pieces
 22450 | D:5      | Killed Ananasrisotto's ghost
 22604 | D:8      | Found a runed translucent gate.
 22604 | D:8      | Found a runed translucent gate.
 22610 | D:8      | Found a runed translucent gate.
 22611 | D:8      | Noticed paps's ghost (novice OpMo)
 22643 | D:8      | Killed paps's ghost
 22644 | D:8      | Gained mutation: Armour fits poorly on your strangely
                  | shaped body. [a neqoxec]
 22683 | D:8      | Identified the cursed +2 morningstar of Ancient Evil
                  | {venom, rC- Str+6} (You found it on level 15 of the
                  | Dungeon)
 23050 | D:8      | Lost mutation: Armour fits poorly on your strangely shaped
                  | body. [potion of mutation]
 23050 | D:8      | Gained mutation: You tend to lose your temper in combat.
                  | [potion of mutation]
 23050 | D:8      | Gained mutation: Your mind is acute. (Int +2) [potion of
                  | mutation]
 23051 | D:8      | Lost mutation: Your mind is acute. (Int +2) [potion of
                  | mutation]
 23051 | D:8      | Lost mutation: You tend to lose your temper in combat.
                  | [potion of mutation]
 23051 | D:8      | Gained mutation: You are somewhat resistant to further
                  | mutation. [potion of mutation]
 23299 | Lair:1   | Acquired 470 gold pieces
 23505 | Lair:4   | Found a staircase to the Snake Pit.
 23874 | Lair:4   | Found a staircase to the Shoals.
 24329 | Lair:5   | Received a gift from Okawaru
 24983 | Lair:6   | Entered Level 6 of the Lair of Beasts
 25347 | Lair:6   | Found a runed translucent door.
 25349 | Lair:6   | Found a viscous altar of Jiyva.
 25351 | Lair:6   | Found a staircase to the Slime Pits.
 25397 | Lair:6   | Received a gift from Okawaru
 25404 | Lair:6   | Got a smoking long sword {god gift}
 25405 | Lair:6   | Identified the +3 long sword of Conflict {venom, +Inv rC+}
                  | (Okawaru gifted it to you on level 6 of the Lair of Beasts)
 26063 | Snake:1  | Entered Level 1 of the Snake Pit
 26526 | Snake:1  | Reached XP level 16. HP: 144/147 MP: 17/17
 26614 | Snake:1  | Received a gift from Okawaru
 27094 | Snake:1  | Reached skill level 15 in Fighting
 27094 | Snake:1  | Reached skill level 15 in Armour
 30145 | D:13     | Killed Veamisat's ghost
 30325 | Elf:1    | Entered Level 1 of the Elven Halls
 30352 | Elf:1    | Found a radiant altar of Vehumet.
 30503 | Elf:1    | You fall into a shaft and drop 1 floor!
 30585 | Elf:2    | Found Cikaqearch's Antique Armour Emporium.
 30607 | Elf:2    | Bought a shiny kite shield for 232 gold pieces
 30682 | Elf:2    | Found an ancient bone altar of Kikubaaqudgha.
 30808 | Elf:2    | Found Olaqe's Magic Scroll Emporium.
 30829 | Elf:2    | Bought a scroll of brand weapon for 320 gold pieces
 31040 | Elf:2    | Received a gift from Okawaru
 31088 | Elf:2    | Found a runed translucent gate.
 31088 | Elf:2    | Found a runed translucent gate.
 31088 | Elf:2    | Found a runed translucent gate.
 31238 | Elf:3    | Entered Level 3 of the Elven Halls
 31238 | Elf:3    | Found Wyimob's Distillery.
 31243 | Elf:3    | Bought 2 potions of heal wounds for 120 gold pieces
 31243 | Elf:3    | Bought a potion of might for 48 gold pieces
 31632 | Elf:3    | Received a gift from Okawaru
 32809 | Elf:1    | Reached XP level 17. HP: 135/158 MP: 18/18
 32815 | Elf:1    | Identified the Catalogue of the Seven Brambles
 33223 | Elf:3    | Noticed a deep elf blademaster
 33241 | Elf:3    | Killed a deep elf blademaster
 33266 | Elf:3    | Received a gift from Okawaru
 33304 | Elf:3    | Noticed a deep elf master archer
 33308 | Elf:3    | Noticed a Hell Sentinel
 33387 | Elf:3    | Killed a deep elf master archer
 33521 | Elf:3    | Identified the ring "Gaisuag" {rElec rPois Str+7 SInv
                  | Stlth-}
 33541 | Elf:3    | Noticed a deep elf blademaster
 33571 | Elf:2    | Killed a deep elf blademaster
 33722 | Elf:3    | Identified the +4 broad axe of Classification {holy,
                  | Fragile rF+ rN+ Str+2}
 33768 | Elf:3    | Received a gift from Okawaru
 33987 | Elf:3    | Noticed a deep elf master archer
 34182 | Elf:3    | Killed a deep elf master archer
 34249 | Elf:3    | Noticed a deep elf blademaster
 34262 | Elf:2    | Killed a deep elf blademaster
 34528 | Elf:3    | Got a transparent scale mail
 34540 | Elf:3    | Identified the +4 scale mail "Zydiokh Koas" {MP+9} (You
                  | found it on level 3 of the Elven Halls)
 34677 | Elf:3    | Bought 2 potions of haste for 240 gold pieces
 34677 | Elf:3    | Bought a potion of might for 48 gold pieces
 34756 | Elf:2    | Noticed Nikola
 34797 | Elf:2    | Killed Nikola
 35183 | Elf:2    | Received a gift from Okawaru
 35345 | Elf:2    | Cast into level 4 of the Abyss (+2 war axe of distortion)
 35346 | Abyss:4  | Found a corrupted altar of Lugonu.
 35363 | Abyss:4  | Paralysed by accursed screaming for 1 turns
 35503 | Abyss:4  | Reached XP level 18. HP: 142/170 MP: 19/19
 35712 | Elf:2    | Escaped the Abyss
 36298 | Shoals:1 | Entered Level 1 of the Shoals
 36368 | Shoals:1 | Found Xoihas's Antique Armour Emporium.
 36577 | Shoals:1 | Received a gift from Okawaru
 36581 | Shoals:1 | Got a jewelled cloak {god gift}
 36611 | Shoals:1 | Identified the +1 cloak of Ycaziy {-Cast rElec Str+5}
                  | (Okawaru gifted it to you on level 1 of the Shoals)
 37775 | Snake:2  | You fall into a shaft and drop 1 floor!
 37967 | Snake:3  | Noticed Bai Suzhen
 37981 | Snake:3  | Killed Bai Suzhen
 38030 | Snake:3  | Found a radiant altar of Vehumet.
 38187 | Snake:3  | Noticed Mara
 38192 | Snake:3  | Noticed Peloso's illusion
 38219 | Snake:3  | HP: 1/172 [Peloso's illusion (illusionary)[Mara] (29)]
 38219 | Snake:3  | Slain by Peloso's illusion (illusionary)

Illustrated notes

Levels and vault maps discovered:
D:1:      sevenhm_arrival_forest_fort_small_3, layout_rooms
D:2:      layout_rooms, evilmike_ruin_ashenzari, uniq_robin, uniq_jessica,
          uniq_crazy_yiuf_cottage
D:3:      layout_basic, serial_bayou_lake_a
D:4:      layout_loops_corners
D:5:      layout_basic, ebering_ghost_disaster_area
D:6:      layout_loops_corners, nicolae_dithmenos_through_a_glass_darkly,
          chequers_temple_overflow_minitemple,
          chequers_temple_overflow_statue_of_worship,
          minmay_temple_entry_statues_pillars, serial_shops,
          nicolae_shop_behind_doors, uniq_grinder
D:7:      cheibrodos_grave_circle, layout_loops_ring, basic_altar
D:8:      layout_loops_ring, serial_shops, kennysheep_mini, shop, shop,
          ploomutoo_gammafunk_ghost_potion_laboratory,
          chequers_serial_rivers_large_a, hangedman_abyss_or_decor_stabs,
          kennysheep_generic_room_9, uniq_maggie
D:9:      layout_cave_pods, led_sif_book, david_defended_altar_orc
D:10:     layout_roguey, serial_shops, shop, st_stairs_12,
          hangedman_abyss_or_decor_lesser_grid, minmay_microvault, uniq_harold
D:11:     layout_roguey, david_lair_shrubbed
D:12:     layout_cave_pools, orc_0_dummy, basic_altar, uniq_urug
D:13:     layout_grid_maze, ebering_ghost_disaster_area
D:14:     layout_loops_cross, lightli_vaults_fourway_checkpoint, tso_altar,
          tgw_fedhas, uniq_louise
D:15:     hangedman_depths_entry_try_elsewhere_first, layout_rooms,
          serial_park_square1 [serial_park_minivault_5x5_2], serial_shops, shop,
          nicolae_shop_overgrown_old_shop, portal_ice_cave_entry_imps,
          grunt_tough_drop, uniq_agnes
Temple:   dshaligram_water_room_temple
Lair:1:   layout_misc_corridors, ebering_ghost_funeral_grove, uniq_joseph,
          uniq_fannar
Lair:2:   layout_misc_corridors, nicolae_volcano_entry_hallway,
          lemuel_fruit_tree, uniq_nergalle
Lair:3:   layout_loops_ring
Lair:4:   layout_roguey, minmay_shoals_entry_hut, guppyfry_snake_entry_garden,
          minivault_25, nicolae_quartered_pool_super, worms_lemuel
Lair:5:   wander_river, layout_loops_ring, serial_bayou_pond_b
Lair:6:   grunt_lair_end_beastmaster, layout_gridlike, slime_altar_2,
          patterned_corridor
Shoals:1: cheibrodos_shoals_oceanic_diplomacy, layout_shoals, serial_shops,
          shop, ldierk_geyser
Snake:1:  dpeg_oklob_gauntlet, layout_cave_pods
Snake:2:  layout_honeycomb, grunt_megastairs_4
Snake:3:  layout_chambers, basic_altar, grunt_megastairs_3, uniq_bai_suzhen,
          uniq_mara
Orc:1:    layout_caves, nicolae_orc_lost_temple
Orc:2:    kennysheep_orc_mage_school, layout_caves, okawaru_metal_pillars_3,
          uniq_maurice
Elf:1:    eino_elf_arrival_altar, layout_loops_corners, minmay_elf_necromancy,
          palyth_stone_intersect
Elf:2:    layout_geoelf_diagonals, basic_altar, serial_shops, shop,
          nicolae_shop_trees, lemuel_elevator, uniq_nikola
Elf:3:    minmay_elf_hall_furrowed, layout_geoelf_grid, serial_shops,
          shop_fountains

Skill      XL: |  1  2  3  4  5  6  7  8  9 10 11 12 13 14 15 16 17 18 |
---------------+-------------------------------------------------------+-----
Shields        | 4 5 6 7 9 10 12 14 15 16 18 19 20 | 20.2
Armour         | 4 5 6 7 9 10 11 12 13 14 15 16 | 16.5
Fighting       | 4 5 6 7 8 9 11 12 13 14 16 17 18 | 18.1
Long Blades    | 3 4 5 6 9 10 12 14 15 16 17 18 19 20 | 20.2
Dodging        | 1 2 3 4 5 6 7 8 9 |  9.0
Stealth        | 1 2 3 |  3.1
Invocations    | 1 2 3 |  3.2
Evocations     | 1 |  1.9

Action                   |  1- 3 |  4- 6 |  7- 9 | 10-12 | 13-15 | 16-18 || total
-------------------------+-------+-------+-------+-------+-------+-------++-------
Melee: Long sword        |    51 |   137 |   177 |   283 |       |       ||   648
       Headbutt          |     8 |    30 |    48 |   158 |   331 |   320 ||   895
       Demon blade       |       |       |       |   349 |  1071 |  1102 ||  2522
       Scimitar          |       |       |       |       |    27 |       ||    27
Invok: Heroism           |       |       |     2 |    15 |     9 |     9 ||    35
       Finesse           |       |       |       |       |     1 |       ||     1
Evoke: Wand              |       |       |       |     5 |    13 |     8 ||    26
  Use: Potion            |     1 |     4 |     1 |       |     7 |     1 ||    14
       Scroll            |       |     1 |       |     9 |    18 |     9 ||    37
 Stab: Paralysed         |       |       |       |       |     1 |       ||     1
       Petrified         |       |       |       |       |     3 |       ||     3
       Fleeing           |       |       |       |       |       |     1 ||     1
Armor: Scale mail        |    38 |    64 |    78 |    12 |       |       ||   192
       Plate armour      |       |       |       |   199 |       |       ||   199
       Chain mail        |       |       |       |    26 |   270 |   269 ||   565
       Fire dragon scale |       |       |       |       |     1 |       ||     1
Dodge: Dodged            |    26 |    53 |    54 |   179 |   286 |   328 ||   926
Block: Kite shield       |    34 |   100 |   112 |   333 |   651 |   766 ||  1996
       Rpst.: Long sword |     4 |    14 |    16 |    20 |       |       ||    54
       Demon blade       |       |       |       |    14 |    62 |    54 ||   130
       Scimitar          |       |       |       |       |     1 |       ||     1

Table legend: (Time is in decaauts)
 A = Elapsed time spent in this place.
 B = Non-inter-level travel time spent in this place.
 C = Inter-level travel time spent in this place.
 D = Time resting spent in this place.
 E = Time spent auto-exploring this place.
 F = Levels seen in this place.
 G = Mean time per level.
                   A        B        C        D        E       F      G
               +--------+--------+--------+--------+--------+-----+--------+
         Total |  37483 |  34624 |   2859 |   4110 |  20733 |  34 | 1102.4 |
       Dungeon |  17953 |  16506 |   1447 |   1286 |  12014 |  15 | 1196.9 |
        Temple |     68 |     68 |      0 |      0 |     47 |   1 |   68.0 |
          Lair |   7115 |   6269 |    846 |    136 |   3448 |   6 | 1185.8 |
        Shoals |   1172 |   1121 |     51 |    200 |    533 |   1 | 1172.0 |
     Snake Pit |   3092 |   2978 |    114 |    751 |   1386 |   3 | 1030.7 |
  Orcish Mines |   2006 |   1814 |    192 |    400 |    907 |   2 | 1003.0 |
   Elven Halls |   5040 |   4833 |    207 |   1337 |   1940 |   3 | 1680.0 |
         Abyss |    323 |    323 |      0 |      0 |     92 |   1 |  323.0 |
      Ice Cave |    469 |    469 |      0 |      0 |    233 |   1 |  469.0 |
       Volcano |    242 |    242 |      0 |      0 |    131 |   1 |  242.0 |
               +--------+--------+--------+--------+--------+-----+--------+

Top non-repeatable levels by time:
 Snake:1: 2393 daAuts
   Elf:2: 2367 daAuts
  Lair:1: 1938 daAuts
    D:10: 1934 daAuts
   Elf:3: 1696 daAuts
     D:8: 1600 daAuts
    D:13: 1530 daAuts
    D:14: 1501 daAuts
     D:9: 1488 daAuts
   Orc:2: 1462 daAuts
     D:6: 1268 daAuts
  Lair:6: 1260 daAuts
  Lair:4: 1242 daAuts
    D:12: 1235 daAuts
    D:11: 1180 daAuts
